 Dungeon Crawl Stone Soup version 0.29-a0-319-gad05b8d819 (webtiles) character file.

Game seed: 2317378961239918434

23 gimp the Sneak (level 2, -3/42 HPs)
             Began as a Mayflytaur Wanderer on Apr 1, 2022.
             Slain by Sigmund
             ... wielding a +0 scythe
              (10 damage)
             ... on level 2 of the Dungeon.
             The game lasted 00:04:51 (583 turns).

gimp the Sneak (Mayflytaur Wanderer)                 Turns: 583, Time: 00:04:52

Health: -3/42      AC: 21    Str: 10    XL:     2   Next: 95%
Magic:  6/6        EV:  2    Int: 15    God:
Gold:   27         SH:  0    Dex: 14    Spells: 5/6 levels left

rFire   . . .      SeeInvis .   a - +0 dagger
rCold   . . .      Faith    .   (no shield)
rNeg    . . .      Spirit   .   (body armour currently unavailable)
rPois   +          Reflect  .   (helmet currently unavailable)
rElec   .          Harm     .   (cloak currently unavailable)
rCorr   .          Rampage  .   (gloves currently unavailable)
Will    .....      NoTele   +   (boots currently unavailable)
Stlth   +++.......              (no amulet)
HPRegen 0.14/turn               (no ring)
MPRegen 0.10/turn               (no ring)

@: tree-form, bezotted
A: stationary, stasis, torment immunity, boosted hp, damage resistance, (big
wings), sense surroundings 1, short lifespan
a: no special abilities


You were on level 2 of the Dungeon.
You were a tree.
You visited 1 branch of the dungeon, and saw 2 of its levels.

You collected 27 gold pieces.

Inventory:

Hand Weapons
 a - a +0 dagger (weapon)
Missiles
 b - an atropa-tipped dart
 k - 2 poisoned darts (quivered)
Armour
 f - a +0 robe (melded)
 g - a +1 helmet (melded)
 l - a +0 ring mail
Scrolls
 e - a scroll of silence
Potions
 h - a potion of curing {unknown}
 i - a potion of brilliance {unknown}
 j - 2 potions of heal wounds {unknown}


   Skills:
 + Level 3.5 Fighting
 - Level 4.9 Stealth
 - Level 2.7 Spellcasting
 - Level 2.2 Air Magic


You had 5 spell levels left.
You knew the following spells:

 Your Spells              Type           Power      Damage    Failure   Level
a - Shock                 Conj/Air       20%        1d4       13%         1

Your spell library contained the following spells:

 Spells                   Type           Power      Damage    Failure   Level
 Swiftness                Air            8%         N/A       24%         3


Dungeon Overview and Level Annotations

Branches:
Dungeon (2/15)

Altars:

Annotations:
D:2 Sigmund


Innate Abilities, Weirdness & Mutations

You are a tree.
Your roots penetrate the ground, keeping you stationary.
You cannot be teleported.
You are immune to unholy pain and torment.
Your maximum health is greatly increased.
Your equipment is partially melded.
You are resistant to damage.
((Your large and strong wings let you fly.))
You passively map a small area around you.
You are easily found by Zot.


Message History

Sigmund is lightly wounded.
Sigmund hits you but does no damage.
You barely miss Sigmund.
Sigmund is lightly wounded.
Sigmund hits you with a +0 scythe.
You take 3 damage, and have 23/42 hp.
You closely miss Sigmund.
Sigmund is lightly wounded.
Sigmund hits you with a +0 scythe!
You take 9 damage, and have 14/42 hp.
MASSIVE DAMAGE!!
You closely miss Sigmund.
Sigmund is lightly wounded.
Sigmund hits you with a +0 scythe!
* * * LOW HITPOINT WARNING * * *
You take 9 damage, and have 5/42 hp.
MASSIVE DAMAGE!!
You barely miss Sigmund.
Sigmund is lightly wounded.
Sigmund hits you but does no damage.
You barely miss Sigmund.
Sigmund is lightly wounded.
Sigmund hits you but does no damage.
You hit Sigmund.
Sigmund is moderately wounded.
Sigmund hits you but does no damage.
You barely miss Sigmund.
Sigmund is moderately wounded.
Sigmund hits you but does no damage.
You hit Sigmund but do no damage.
Sigmund is moderately wounded.
Sigmund hits you but does no damage.
You hit Sigmund but do no damage.
Sigmund is moderately wounded.
Sigmund hits you but does no damage.
You closely miss Sigmund.
Sigmund is moderately wounded.
Sigmund completely misses you.
You hit Sigmund.
Sigmund is moderately wounded.
Sigmund hits you with a +0 scythe!
You die...

* , *######.###
* #((...@... * *
* #.####.### ,
#.# , ** * #@##
* * #♣.# *,# # *
##.#.# .#
##.####.†##.#$#
, ,
..........##..#
,
..............#
, ,
,...........####
, #####.##...# ,
, #.*#...# , *
##.##...#


You could see the neutral Sigmund (fast, strong, insane).

Vanquished Creatures
  An adder (D:2)
  A dart slug (D:1)
  2 endoplasms (D:1)
  A hobgoblin (D:1)
  A quokka (D:2)
  3 ball pythons (D:1)
  2 frilled lizards
  A kobold (D:1)
  A rat (D:1)
13 creatures vanquished.

Notes
Turn   | Place    | Note
-------+----------+-------------------------------------------
     0 | D:1      | gimp the Mayflytaur Wanderer began the quest for the Orb.
     0 | D:1      | gimp set off with the following items: a +0 dagger, an
                  | atropa-tipped dart, a datura-tipped dart, a potion of
                  | lignification, a scroll of silence, a +0 robe; and the
                  | following spell memorised: Shock; and the following spells
                  | available to memorise: Swiftness
     0 | D:1      | Reached XP level 1. HP: 19/19 MP: 5/5
   100 | D:1      | Glimpsed the power of Zot.
   155 | D:1      | Reached XP level 2. HP: 7/27 MP: 6/6
   554 | D:2      | Noticed Sigmund
   583 | D:2      | Slain by Sigmund

Illustrated notes

Levels and vault maps discovered:
D:1:      dpeg_arrival_water_fire, layout_basic, serial_shops,
          nicolae_shop_hallway_plus,
          nicolae_shop_temple_entry_statues_fountains, nicolae_square_shop,
          shop, minmay_quantized
D:2:      layout_loops_ring, dreamdust_ecumenical_altar_drowned_temple,
          uniq_jessica, uniq_sigmund

Skill      XL: |  1  2 |
---------------+-------+-----
Fighting       | 3 |  3.5
Stealth        | |  4.9
Spellcasting   | |  2.7
Air Magic      | |  2.2

Action                   || total
-------------------------++-------
Melee: Dagger            ||    93
Throw: Dart              ||     2
  Use: Potion            ||     1
 Stab: Sleeping          ||     1
Armor: Robe              ||    19
       Skin              ||    10
Dodge: Dodged            ||    61

Table legend: (Time is in decaauts)
 A = Elapsed time spent in this place.
 B = Non-inter-level travel time spent in this place.
 C = Inter-level travel time spent in this place.
 D = Time resting spent in this place.
 E = Time spent auto-exploring this place.
 F = Levels seen in this place.
 G = Mean time per level.
                   A        B        C        D        E       F      G
               +--------+--------+--------+--------+--------+-----+--------+
         Total |    582 |    553 |     29 |    212 |     62 |   2 |  291.0 |
       Dungeon |    582 |    553 |     29 |    212 |     62 |   2 |  291.0 |
               +--------+--------+--------+--------+--------+-----+--------+

Top non-repeatable levels by time:
     D:1: 488 daAuts
     D:2: 94 daAuts
